 Dungeon Crawl Stone Soup version 0.28.0-49-g6dfe1f597d (console) character file.

Game seed: 12910318052250878521

2275 Faeu the Cleaver (level 9, -14/78 HPs)
             Began as a Minotaur Berserker on May 15, 2022.
             Was an Elder of Trog.
             Demolished by a boulder beetle (49 damage)
             ... on level 6 of the Dungeon on May 16, 2022.
             The game lasted 00:13:04 (5758 turns).

Faeu the Cleaver (Minotaur Berserker)               Turns: 5758, Time: 00:13:04

Health: -14/78     AC: 14    Str: 26    XL:     9   Next: 16%
Magic:  8/8        EV:  9    Int:  4    God:    Trog [****..]
Gold:   336        SH:  0    Dex: 10    Spells: 8/8 levels left

rFire   . . .      SeeInvis .   B - +2 whip (flame) {mace}
rCold   . . .      Faith    .   (no shield)
rNeg    . . .      Spirit   .   s - +0 plate armour
rPois   .          Reflect  .   (helmet restricted)
rElec   .          Harm     .   (no cloak)
rCorr   .          Rampage  .   k - +0 pair of gloves
Will    .....                   (no boots)
Stlth   ..........              (no amulet)
HPRegen 0.23/turn               (no ring)
MPRegen 0.11/turn               (no ring)

@: on berserk cooldown, slowed, very slow
A: horns 2, retaliatory headbutt
a: Renounce Religion, Berserk, Trog's Hand, Brothers in Arms


You were on level 6 of the Dungeon.
You worshipped Trog.
Trog was greatly pleased with you.
You visited 1 branch of the dungeon, and saw 7 of its levels.
You also visited: Sewer.

You collected 336 gold pieces.


Innate Abilities, Weirdness & Mutations

You have a pair of horns on your head.
You reflexively headbutt those who attack you in melee.


   Skills:
 - Level 6.9 Fighting
 + Level 11.1 Axes
 - Level 6.2 Armour
 - Level 5.7 Dodging


You had 8 spell levels left.
You didn't know any spells.
Your spell library contained the following spells:

 Spells                   Type           Power      Damage    Failure   Level
 Summon Small Mammal      Summ           0%         N/A       100%        1
 Static Discharge         Conj/Air       0%         N/A       100%        2
 Sublimation of Blood     Necr           0%         N/A       100%        2
 Wereblood                Tmut           0%         N/A       100%        2
 Call Canine Familiar     Summ           0%         N/A       100%        3
 Summon Guardian Golem    Hex/Summ       0%         N/A       100%        3
 Dispel Undead            Necr           0%         3d6       100%        4
 Sticky Flame             Conj/Fire      0%         2d3       100%        4
 Summon Hydra             Summ           0%         N/A       100%        7

Inventory:

Hand Weapons
 a - a +0 hand axe {axe}
 B - a +2 whip of flaming (weapon) {mace}
   (You took it off Pikel on level 6 of the Dungeon)
Armour
 k - a +0 pair of gloves (worn)
   (You found it on level 3 of the Dungeon)
 s - a +0 plate armour (worn)
   (You found it on level 2 of the Dungeon)
 x - a +2 robe of resistance
   (You took it off Dowan on level 6 of the Dungeon)
Jewellery
 b - a ring of fire
   (You found it on level 4 of the Dungeon)
 C - a ring of flight
   (You took it off an orc on level 6 of the Dungeon)
Wands
 v - a wand of digging (3)
   (You took it off Ijyb on level 5 of the Dungeon)
 z - a wand of iceblast (8)
   (You found it on level 6 of the Dungeon)
Scrolls
 c - a scroll of teleportation {unknown}
 d - a scroll of holy word {unknown}
 e - 7 scrolls of identify {unknown}
 f - 2 scrolls of torment {unknown}
 h - a scroll of fear {unknown}
 i - a scroll of silence {unknown}
 j - a scroll of noise {unknown}
 p - a scroll of blinking {unknown}
 q - a scroll of vulnerability {unknown}
 u - a scroll of summoning {unknown}
 y - a scroll of amnesia {unknown}
 D - a scroll of fog {unknown}
Potions
 g - 3 potions of attraction {unknown}
 l - 2 potions of haste {@q3}
 m - 2 potions of mutation {unknown}
 n - 2 potions of heal wounds {unknown}
 o - a potion of brilliance {unknown}
 r - a potion of magic {unknown}
 t - a potion of resistance {unknown}
 w - a potion of degeneration {unknown}
 A - a potion of curing {unknown}

Dungeon Overview and Level Annotations

Branches:
Dungeon (7/15)              Sewer (visited)
 Temple: D:4-7

Altars:
Elyvilon

Shops:
D:4 ?

Annotations:
D:4 Edmund

#.#)# #... #.#[#
#... #.#.# ###.
#.#.# ...... #.#.#
#####. #.#.### ##
#.....#############
###.#°°†...........
#.○°)####.........
#B##.# #.########
#@##.# #c# #.##.#
#o..# #.##.# #.#.#
#.##.# #o...#
#<##.# #.. #.#
#.##.# ..#. ..#
#.##.# .#.# ..#
#.##.# . . .# #.#


You could see a boulder beetle (rolling).


Message History

The bullfrog zombie hits you but does no damage.
You hit the orc warrior but do no damage.
The bullfrog zombie hits you but does no damage.
The orc warrior hits you with a +0 dire flail! 😮 HP[-11]
You take 11 damage, and now have 55/78 hp.
You barely miss the orc warrior. The orc warrior barely misses you.
You whack the orc warrior! You burn the orc warrior.
You closely miss the orc warrior.
The orc warrior hits you with a +0 dire flail. 😮 HP[-4]
You take 4 damage, and now have 51/78 hp.
You closely miss the orc warrior. Your headbutt misses the orc warrior.
The orc closely misses you. The orc warrior completely misses you.
You furiously retaliate!
You headbutt the orc warrior, but do no damage.
You hit the orc warrior but do no damage.
Your headbutt misses the orc warrior. The orc barely misses you.
The orc warrior hits you with a +0 dire flail. 😮 HP[-6]
You take 6 damage, and now have 45/78 hp.
You hit the orc warrior. You burn the orc warrior.
You kill the orc warrior!
Trog accepts your kill. The orc hits you but does no damage.
You hit the orc. You burn the orc. You hit the orc. You burn the orc.
You kill the orc!
Trog accepts your kill. The bullfrog zombie barely misses you.
You hit the bullfrog zombie. You burn the bullfrog zombie.
The bullfrog zombie hits you.
You hit the bullfrog zombie. You burn the bullfrog zombie.
The bullfrog zombie hits you but does no damage.
You whack the bullfrog zombie! You burn the bullfrog zombie.
The bullfrog zombie barely misses you.
You hit the bullfrog zombie. You burn the bullfrog zombie.
You headbutt the bullfrog zombie! The bullfrog zombie hits you. 😮 HP[-4]
You take 4 damage, and now have 41/78 hp.
You hit the bullfrog zombie. You burn the bullfrog zombie.
You destroy the bullfrog zombie!
Trog accepts your kill.
Items here: (( )) [ ††. 😮 HP[+1]
Things that are here:
a +0 club {mace}; an orc corpse A black bear is nearby!
You are too injured to fight recklessly!
The black bear growls angrily.
You hear two shouts!
You hit the black bear. You burn the black bear.
The black bear bites you but does no damage.
The black bear claws you but does no damage. x2 😮 HP[+1]
You hit the black bear. You burn the black bear. You headbutt the black bear!
The black bear goes berserk!
You whack the black bear! You burn the black bear.
You kill the black bear!
Trog accepts your kill.
Your Axes skill increases to level 11!
You see here a black bear corpse.
Items here: (( )) [ ††. 😮 HP[+1]
A boulder beetle comes into view.
The boulder beetle leaps! 😕 HP[+25]
You regained 25 hp, and now have 69/78 hp.
The boulder beetle curls into a ball and begins rolling!
Items here: (( )) [ ††. 😕 HP[+1]
You barely miss the boulder beetle. The boulder beetle hits you!!
The boulder beetle stops rolling and uncurls. 😮 HP[-29]
You take 29 damage, and now have 41/78 hp.
MASSIVE DAMAGE!! (PAUSE)
A red film seems to cover your vision as you go berserk!
You feel yourself moving faster!
You feel mighty! The boulder beetle bites you!
* * * LOW HITPOINT WARNING * * *
😨 HP[+7]
You now have 117 max hp (+39).
You regained 7 hp, and now have 48/117 hp.
You hit the boulder beetle but do no damage.
You headbutt the boulder beetle, but do no damage. 😨 HP[+1]
You hit the boulder beetle but do no damage.
The boulder beetle leaps!
You feel a strong urge to attack something.
You feel your anger nearly subside.
You are no longer berserk.
You are exhausted.
You feel yourself slow down. 😨 HP[-16]
You now have 78 max hp (-39). 😨 HP[+1]
Things that are here:
a +0 club {mace}; an orc corpse The boulder beetle curls into a ball and begins rolling! 😨 HP[+1]
The boulder beetle hits you!!!
Ouch! That really hurt!
You die...

Skill      XL: |  1  2  3  4  5  6  7  8  9 |
---------------+----------------------------+-----
Axes           | 4 5 6 10 11 | 11.1
Fighting       | 4 5 6 |  6.9
Armour         | 3 4 6 |  6.2
Dodging        | 3 4 5 |  5.7

Action                   |  1- 3 |  4- 6 |  7- 9 || total
-------------------------+-------+-------+-------++-------
Melee: Hand axe          |    75 |   211 |   157 ||   443
       Headbutt          |    12 |    29 |    47 ||    88
       Punch             |     1 |       |     5 ||     6
       Whip              |       |       |    25 ||    25
Invok: Berserk           |     1 |     2 |     4 ||     7
Armor: Animal skin       |    14 |       |       ||    14
       Chain mail        |     7 |   101 |       ||   108
       Plate armour      |       |    32 |    92 ||   124
Dodge: Dodged            |    58 |   109 |    61 ||   228

Levels and vault maps discovered:
D:1:      ldierk_water_garden, layout_basic
D:2:      layout_loops_ring, uniq_sigmund
D:3:      wad_pebble_path, layout_loops_ring, gup_sewer_entry_bubbles
D:4:      layout_basic, serial_shops, shop_statue, kennysheep_crisscross,
          uniq_edmund, uniq_blork_the_orc
D:5:      layout_loops_ring, serial_shops, shop_statue, uniq_duvessa, uniq_ijyb
D:6:      layout_loops_ring, mainiacjoe_overflow_alcove_4, minmay_manual_mess,
          uniq_pikel
D:7:      layout_loops_ring, mainiacjoe_overflow_boulevard,
          minmay_temple_entry_offerings, gammafunk_ghost_cemetery,
          lightli_orcish_oven, uniq_menkaure

Notes
Turn   | Place    | Note
-------+----------+-------------------------------------------
     0 | D:1      | Faeu the Minotaur Berserker began the quest for the Orb.
     0 | D:1      | Reached XP level 1. HP: 19/19 MP: 0/0
     0 | D:1      | magus.rc [v1.9.6]
   164 | D:1      | Reached XP level 2. HP: 20/27 MP: 1/1
   340 | D:1      | Reached skill level 4 in Axes
   345 | D:1      | Reached skill level 4 in Fighting
   363 | D:1      | Reached ** piety under Trog
   366 | D:1      | Reached skill level 3 in Armour
   372 | D:1      | Reached XP level 3. HP: 31/33 MP: 2/2
   966 | D:2      | Noticed Sigmund
   975 | D:2      | Killed Sigmund
   976 | D:2      | Reached skill level 4 in Armour
   976 | D:2      | Reached skill level 3 in Dodging
   976 | D:2      | Reached XP level 4. HP: 41/41 MP: 3/3
   976 | D:2      | Reached XP level 5. HP: 47/47 MP: 4/4
  1091 | D:2      | Reached skill level 5 in Axes
  1099 | D:2      | Reached skill level 5 in Fighting
  1459 | D:2      | You fall into a shaft and drop 1 floor!
  1699 | D:3      | Reached XP level 6. HP: 56/56 MP: 5/5
  1856 | D:3      | Reached skill level 4 in Dodging
  1875 | D:3      | Reached *** piety under Trog
  2122 | D:3      | Found a glowing drain.
  2129 | Sewer    | Entered a sewer
  2563 | Sewer    | Reached **** piety under Trog
  2888 | Sewer    | magus.rc [v1.9.6]
  3105 | D:4      | Found Woazxioh's Magic Scroll Emporium.
  3284 | D:4      | You pick up a book of Blood {forbidden} and begin
                  | reading...
  3284 | D:4      | You add the spells Sublimation of Blood, Wereblood and
                  | Summon Hydra to your library.
  3484 | D:4      | HP: 14/57 [something (3)]
  3486 | D:4      | Reached XP level 7. HP: 15/62 MP: 6/6
  3487 | D:4      | HP: 3/62 [orc priest/divine providence (13)]
  3488 | D:4      | HP: 1/62 [orc/+0 flail (2)]
  3489 | D:4      | Reached skill level 5 in Armour
  3916 | D:4      | Noticed Edmund
  3922 | D:5      | Entered Level 5 of the Dungeon
  4045 | D:5      | Reached skill level 6 in Fighting
  4085 | D:5      | Reached skill level 6 in Axes
  4196 | D:5      | Noticed Ijyb
  4209 | D:5      | Killed Ijyb
  4210 | D:5      | Reached skill level 5 in Dodging
  4299 | D:5      | You pick up a book of Callings {forbidden} and begin
                  | reading...
  4299 | D:5      | You add the spells Summon Small Mammal, Call Canine
                  | Familiar and Summon Guardian Golem to your library.
  4449 | D:5      | You pick up a book of Touch {forbidden} and begin
                  | reading...
  4449 | D:5      | You add the spells Static Discharge, Sticky Flame and
                  | Dispel Undead to your library.
  4505 | D:5      | Noticed Duvessa
  4506 | D:5      | Noticed Dowan
  4516 | D:5      | Killed Duvessa
  4534 | D:6      | Found a white marble altar of Elyvilon.
  4542 | D:6      | Killed Dowan
  4543 | D:6      | Reached skill level 6 in Armour
  4543 | D:6      | Reached XP level 8. HP: 37/71 MP: 7/7
  4934 | D:6      | Reached skill level 7 in Axes
  5234 | D:6      | Reached skill level 8 in Axes
  5501 | D:6      | Noticed Pikel
  5515 | D:6      | Killed Pikel
  5516 | D:6      | Reached skill level 10 in Axes
  5524 | D:6      | Reached XP level 9. HP: 78/78 MP: 8/8
  5626 | D:6      | Reached skill level 11 in Axes
  5738 | D:6      | Noticed a boulder beetle
  5758 | D:6      | Demolished by a boulder beetle

Vanquished Creatures
  Pikel (D:6)
  Sigmund (D:2)
  Duvessa (D:5)
  An orc warrior (D:6)
  An ice beast (D:6)
  A black bear (D:6)
  2 necrophages (D:6)
  A centaur (D:6)
  An ogre (D:6)
  2 lemures
  2 scorpions
  Dowan (D:6)
  2 hounds
  A jelly (D:5)
  3 bullfrog zombies
  An orc priest (D:4)
  2 centaur skeletons
  An iguana (D:5)
  3 orc wizards
  Ijyb (D:5)
  A scorpion zombie (D:5)
  A howler monkey skeleton (D:3)
  11 adders
  7 gnolls
  7 river rats
  2 worms (D:2)
  3 dart slugs
  10 orcs
  10 ball pythons
  6 endoplasms
  5 giant cockroaches
  4 goblins
  6 hobgoblins
  11 jackals
  4 quokkas
  9 bats
  6 frilled lizards
  21 kobolds
  23 rats
  4 toadstools (D:1)
180 creatures vanquished.

Table legend:
 A = Non-vault XP
 B = Vault XP
 C = Vault XP percentage of total XP
 D = Non-vault monster count
 E = Vault monster count
 F = Vault count percentage of total count
                 A         B        C        D         E       F
            +---------+---------+-------+---------+---------+-------
      Total |    1674 |    1577 |  48.5 |     113 |      61 |  35.1
            +---------+---------+-------+---------+---------+-------
        D:1 |      55 |       0 |   0.0 |      33 |       0 |   0.0
        D:2 |      69 |     223 |  76.4 |      15 |       1 |   6.2
        D:3 |      81 |      47 |  36.7 |      19 |       7 |  26.9
        D:4 |     200 |       0 |   0.0 |      17 |       0 |   0.0
        D:5 |     391 |     178 |  31.3 |      12 |       2 |  14.3
        D:6 |     878 |    1003 |  53.3 |      17 |       6 |  26.1
      Sewer |       0 |     126 | 100.0 |       0 |      45 | 100.0
            +---------+---------+-------+---------+---------+-------

Illustrated notes

Table legend:
 A = Kills in this place as a percentage of kills in entire the game.
 B = Kills by you in this place as a percentage of kills by you in the entire game.
 C = Kills by friends in this place as a percentage of kills by friends in the entire game.
 D = Other kills in this place as a percentage of other kills in the entire game.
 E = Experience gained in this place as a percentage of experience gained in the entire game.
 F = Experience gained in this place divided by the number of levels of this place that you have seen.
                   A       B       C       D       E      F
               +-------+-------+-------+-------+-------+----------------------
         Total | 100.0 | 100.0 |   N/A |   N/A | 100.0 | 406.4
       Dungeon |  74.1 |  74.1 |   N/A |   N/A |  96.1 | 446.4
         Sewer |  25.9 |  25.9 |   N/A |   N/A |   3.9 | 126.0
               +-------+-------+-------+-------+-------+----------------------

Table legend: (Time is in decaauts)
 A = Elapsed time spent in this place.
 B = Non-inter-level travel time spent in this place.
 C = Inter-level travel time spent in this place.
 D = Time resting spent in this place.
 E = Time spent auto-exploring this place.
 F = Levels seen in this place.
 G = Mean time per level.
                   A        B        C        D        E       F      G
               +--------+--------+--------+--------+--------+-----+--------+
         Total |   5871 |   5693 |    178 |    935 |   3420 |   8 |  733.9 |
       Dungeon |   5048 |   4870 |    178 |    794 |   2936 |   7 |  721.1 |
         Sewer |    822 |    822 |      0 |    141 |    483 |   1 |  822.0 |
               +--------+--------+--------+--------+--------+-----+--------+

Top non-repeatable levels by time:
     D:6: 1161 daAuts
     D:3: 918 daAuts
   Sewer: 822 daAuts
     D:1: 784 daAuts
     D:4: 764 daAuts
     D:2: 735 daAuts
     D:5: 620 daAuts
     D:7: 63 daAuts
